TOP OF THE 1ST |
San Diego Padres batting - Pitching for Arizona Diamondbacks : RHP Cody Savastand
|
Pitching: RHP Cody Savastand
|
|
Batting: RHB Hildo Pot
|
0-0: Ball 1-0: Ball 2-0: Called Strike 2-1: Fly out, F9 (Flyball, 9, EV 88.1 MPH)
|
Batting: SHB Phil Zacharia
|
0-0: Called Strike 0-1: Swinging Strike 0-2: Ball 1-2: Strikes out swinging
|
Batting: LHB Mike Holt
|
0-0: Called Strike 0-1: Foul Ball, location: 2F 0-2: Ground out 4-3 (Groundball, 4, EV 81.9 MPH)
|
Top of the 1st over - 0 runs, 0 hits, 0 errors, 0 left on base; San Diego 0 - Arizona 0 |
BOTTOM OF THE 1ST |
Arizona Diamondbacks batting - Pitching for San Diego Padres : LHP Jim Turan
|
Pitching: LHP Jim Turan
|
|
Batting: RHB Katilimomi Kelekolio
|
0-0: Ball 1-0: Ball 2-0: Ball 3-0: Base on Balls
|
Batting: RHB Bob Najar
|
0-0: Ball 1-0: Called Strike 1-1: Fielders Choice at 2nd, 1-6 (Groundball, 23, EV 70.6 MPH)
|
Batting: RHB Jim Zucco
|
0-0: Ball Bob Najar steals 2nd base 1-0: Swinging Strike 1-1: Swinging Strike 1-2: Strikes out looking
|
Batting: RHB Dusty Thompson
|
0-0: Ball 1-0: Foul Ball, location: 2F 1-1: Foul Ball, location: 2F 1-2: Ball 2-2: Foul Ball, location: 2F 2-2: Foul Ball, location: 2F 2-2: Ball 3-2: Foul Ball, location: 2F 3-2: Base on Balls
|
Batting: LHB Joel Kunkler
|
0-0: Ball 1-0: Ball 2-0: Ball 3-0: Base on Balls Bob Najar to third Dusty Thompson to second
|
Batting: SHB Warren Eisner
|
0-0: Fly out, F8 (Flyball, 8LD, EV 96.2 MPH)
|
Bottom of the 1st over - 0 runs, 0 hits, 0 errors, 3 left on base; San Diego 0 - Arizona 0 |
TOP OF THE 2ND |
San Diego Padres batting - Pitching for Arizona Diamondbacks : RHP Cody Savastand
|
Batting: SHB Jerry Luckwell
|
0-0: Called Strike 0-1: Ball 1-1: Foul Ball, location: 2F 1-2: Foul Ball, location: 2F 1-2: Foul Ball, location: 2F 1-2: Ball 2-2: Ground out 4-3 (Groundball, 4S, EV 91.2 MPH)
|
Batting: RHB Elijah Campbell
|
0-0: Ball 1-0: Ball 2-0: Called Strike 2-1: Foul Ball, location: 2F 2-2: Ball 3-2: Ground out 6-3 (Groundball, 6, EV 90.6 MPH)
|
Batting: RHB C.J. Beavers
|
0-0: Ball 1-0: Ball 2-0: Foul Ball, location: 2F 2-1: Fly out, F4 (Line Drive, 4, EV 68.8 MPH)
|
Top of the 2nd over - 0 runs, 0 hits, 0 errors, 0 left on base; San Diego 0 - Arizona 0 |
BOTTOM OF THE 2ND |
Arizona Diamondbacks batting - Pitching for San Diego Padres : LHP Jim Turan
|
Batting: LHB Jason Peck
|
0-0: Ball 1-0: Foul Ball, location: 2F 1-1: Foul Ball, location: 2F 1-2: Foul Ball, location: 2F 1-2: Foul Ball, location: 2F 1-2: SOLO HOME RUN (Flyball, 9D, EV 99.4 MPH), Distance : 391 ft
|
Batting: LHB Mike Mentzer
|
0-0: Called Strike 0-1: Ball 1-1: Ball 2-1: Fly out, F8 (Flyball, 8LD, EV 98.8 MPH)
|
Batting: RHB Marlon Reda
|
0-0: Swinging Strike 0-1: Foul Ball, location: 2F 0-2: Strikes out swinging
|
Batting: RHB Katilimomi Kelekolio
|
0-0: Ball 1-0: Ball 2-0: Ball 3-0: Called Strike 3-1: Foul Ball, location: 2F 3-2: Ground out 6-3 (Groundball, 6D, EV 101.9 MPH)
|
Bottom of the 2nd over - 1 run, 1 hit, 0 errors, 0 left on base; San Diego 0 - Arizona 1 |
TOP OF THE 3RD |
San Diego Padres batting - Pitching for Arizona Diamondbacks : RHP Cody Savastand
|
Batting: RHB Eisse Bravenboer
|
0-0: Ball 1-0: Foul Ball, location: 2F 1-1: Ball 2-1: Ball 3-1: Fly out, F8 (Flyball, 8RD, EV 95.6 MPH)
|
Batting: RHB Masashi Yukizawa
|
0-0: SINGLE (Line Drive, 4D, EV 96.9 MPH)
|
Batting: RHB Wally Cangro
|
0-0: Called Strike 0-1: Ball 1-1: Ball 2-1: Swinging Strike 2-2: Strikes out swinging
|
Batting: RHB Hildo Pot
|
0-0: Called Strike Masashi Yukizawa steals 2nd base 0-1: Ball 1-1: Ball 2-1: Fly out, F8 (Flyball, 89M, EV 92.5 MPH)
|
Top of the 3rd over - 0 runs, 1 hit, 0 errors, 1 left on base; San Diego 0 - Arizona 1 |
BOTTOM OF THE 3RD |
Arizona Diamondbacks batting - Pitching for San Diego Padres : LHP Jim Turan
|
Batting: RHB Bob Najar
|
0-0: Fly out, F8 (Flyball, 8LD, EV 105.0 MPH)
|
Batting: RHB Jim Zucco
|
0-0: Ball 1-0: Called Strike 1-1: Ball 2-1: Foul Ball, location: 2F 2-2: Strikes out swinging
|
Batting: RHB Dusty Thompson
|
0-0: Ball 1-0: Swinging Strike 1-1: Ball 2-1: Foul Ball, location: 2F 2-2: Foul Ball, location: 2F 2-2: SOLO HOME RUN (Flyball, 8LXD, EV 111.9 MPH), Distance : 446 ft
|
Batting: LHB Joel Kunkler
|
0-0: Ball 1-0: Ball 2-0: Ground out 3-1 (Groundball, 13, EV 86.2 MPH)
|
Bottom of the 3rd over - 1 run, 1 hit, 0 errors, 0 left on base; San Diego 0 - Arizona 2 |
TOP OF THE 4TH |
San Diego Padres batting - Pitching for Arizona Diamondbacks : RHP Cody Savastand
|
Batting: SHB Phil Zacharia
|
0-0: Foul Ball, location: 2F 0-1: Ball 1-1: Ball 2-1: Called Strike 2-2: Strikes out swinging
|
Batting: LHB Mike Holt
|
0-0: Called Strike 0-1: Foul Ball, location: 2F 0-2: Ball 1-2: Fly out, F8 (Line Drive, 78D, EV 91.9 MPH)
|
Batting: SHB Jerry Luckwell
|
0-0: Ball 1-0: Called Strike 1-1: Called Strike 1-2: Foul Ball, location: 2F 1-2: Foul Ball, location: 2F 1-2: Foul Ball, location: 2F 1-2: Ball 2-2: Strikes out swinging
|
Top of the 4th over - 0 runs, 0 hits, 0 errors, 0 left on base; San Diego 0 - Arizona 2 |
BOTTOM OF THE 4TH |
Arizona Diamondbacks batting - Pitching for San Diego Padres : LHP Jim Turan
|
Batting: SHB Warren Eisner
|
0-0: Ball 1-0: Foul Ball, location: 2F 1-1: Ball 2-1: Ball 3-1: Called Strike 3-2: DOUBLE (Line Drive, 5D, EV 100.0 MPH)
|
Batting: LHB Jason Peck
|
0-0: Ball 1-0: Foul Ball, location: 2F 1-1: Ball 2-1: SINGLE (Flyball, 34D, EV 89.4 MPH) Warren Eisner to third
|
Batting: LHB Mike Mentzer
|
0-0: Ball 1-0: Called Strike 1-1: Ball Jason Peck steals 2nd base (no throw) 2-1: Ball 3-1: Fly out, F7 (Line Drive, 7, EV 96.9 MPH) Runner from 3rd tags up, SCORES, throw by LF
|
Batting: RHB Marlon Reda
|
0-0: Swinging Strike 0-1: Fly out, F9 (Flyball, 9LMF, EV 94.4 MPH)
|
Batting: RHB Katilimomi Kelekolio
|
0-0: Called Strike 0-1: Ground out 4-3 (Groundball, 13, EV 88.1 MPH)
|
Bottom of the 4th over - 1 run, 2 hits, 0 errors, 1 left on base; San Diego 0 - Arizona 3 |
TOP OF THE 5TH |
San Diego Padres batting - Pitching for Arizona Diamondbacks : RHP Cody Savastand
|
Batting: RHB Elijah Campbell
|
0-0: Ball 1-0: Foul Ball, location: 2F 1-1: Foul Ball, location: 2F 1-2: Ball 2-2: Strikes out looking
|
Batting: RHB C.J. Beavers
|
0-0: Ball 1-0: Fly out, F1 (Line Drive, P, EV 70.6 MPH)
|
Batting: RHB Eisse Bravenboer
|
0-0: Ball 1-0: Called Strike 1-1: Swinging Strike 1-2: Ball 2-2: Fly out, F8 (Flyball, 8LD, EV 93.1 MPH)
|
Top of the 5th over - 0 runs, 0 hits, 0 errors, 0 left on base; San Diego 0 - Arizona 3 |
BOTTOM OF THE 5TH |
Arizona Diamondbacks batting - Pitching for San Diego Padres : LHP Jim Turan
|
Batting: RHB Bob Najar
|
0-0: SOLO HOME RUN (Flyball, 9D, EV 103.1 MPH), Distance : 380 ft
|
Batting: RHB Jim Zucco
|
0-0: Foul Ball, location: 2F 0-1: Ground out 5-3 (Groundball, 5S, EV 88.1 MPH)
|
Batting: RHB Dusty Thompson
|
0-0: Foul Ball, location: 2F 0-1: Foul Ball, location: 2F 0-2: Strikes out swinging
|
Batting: LHB Joel Kunkler
|
0-0: Ball 1-0: SOLO HOME RUN (Flyball, 9D, EV 96.9 MPH), Distance : 387 ft
|
Batting: SHB Warren Eisner
|
0-0: Called Strike 0-1: Ball 1-1: Swinging Strike 1-2: Ground out 5-3 (Groundball, 56S, EV 88.8 MPH)
|
Bottom of the 5th over - 2 runs, 2 hits, 0 errors, 0 left on base; San Diego 0 - Arizona 5 |
TOP OF THE 6TH |
San Diego Padres batting - Pitching for Arizona Diamondbacks : RHP Cody Savastand
|
Batting: RHB Masashi Yukizawa
|
0-0: Ball 1-0: Foul Ball, location: 2F 1-1: Swinging Strike 1-2: Strikes out swinging
|
Batting: RHB Wally Cangro
|
0-0: Ball 1-0: Foul Ball, location: 2F 1-1: Ball 2-1: Foul Ball, location: 2F 2-2: Strikes out swinging
|
Batting: RHB Hildo Pot
|
0-0: Foul Ball, location: 2F 0-1: Ground out 5-3 (Groundball, 56, EV 89.4 MPH)
|
Top of the 6th over - 0 runs, 0 hits, 0 errors, 0 left on base; San Diego 0 - Arizona 5 |
BOTTOM OF THE 6TH |
Arizona Diamondbacks batting - Pitching for San Diego Padres : LHP Jim Turan
|
Pitching: RHP Matt Decker
|
|
Batting: LHB Jason Peck
|
0-0: Ground out 6-3 (Groundball, 6, EV 85.6 MPH)
|
Batting: LHB Mike Mentzer
|
0-0: Called Strike 0-1: Ball 1-1: Ball 2-1: Ball 3-1: Base on Balls
|
Batting: RHB Marlon Reda
|
0-0: Swinging Strike 0-1: Foul Ball, location: 2F 0-2: Foul Ball, location: 2F 0-2: Strikes out swinging
|
Batting: RHB Katilimomi Kelekolio
|
0-0: Ball 1-0: Ground out 6-3 (Groundball, 6MD, EV 106.2 MPH)
|
Bottom of the 6th over - 0 runs, 0 hits, 0 errors, 1 left on base; San Diego 0 - Arizona 5 |
TOP OF THE 7TH |
San Diego Padres batting - Pitching for Arizona Diamondbacks : RHP Cody Savastand
|
Batting: SHB Phil Zacharia
|
0-0: Ball 1-0: Swinging Strike 1-1: SINGLE (Line Drive, 8LS, EV 96.2 MPH)
|
Batting: LHB Mike Holt
|
0-0: Ball 1-0: Swinging Strike 1-1: Ball 2-1: Ball 3-1: Base on Balls Phil Zacharia to second
|
Pitching: RHP Nick Burcham
|
|
Batting: SHB Jerry Luckwell
|
0-0: Called Strike 0-1: Foul Ball, location: 2F 0-2: Strikes out swinging
|
Batting: RHB Elijah Campbell
|
0-0: Foul Ball, location: 2F 0-1: Foul Ball, location: 2F 0-2: Grounds into double play, 3-6-1 (Groundball, 34, EV 86.9 MPH)
|
Top of the 7th over - 0 runs, 1 hit, 0 errors, 1 left on base; San Diego 0 - Arizona 5 |
BOTTOM OF THE 7TH |
Arizona Diamondbacks batting - Pitching for San Diego Padres : RHP Matt Decker
|
Batting: RHB Bob Najar
|
0-0: Called Strike 0-1: Ball 1-1: SOLO HOME RUN (Flyball, 78XD, EV 115.0 MPH), Distance : 423 ft
|
Batting: RHB Jim Zucco
|
0-0: Ball 1-0: Ground out 6-3 (Groundball, 6S, EV 70.0 MPH)
|
Batting: RHB Dusty Thompson
|
0-0: Ball 1-0: Ball 2-0: Called Strike 2-1: Foul Ball, location: 2F 2-2: Strikes out looking
|
Batting: LHB Joel Kunkler
|
0-0: Ball 1-0: Ball 2-0: Ball 3-0: Base on Balls
|
Batting: SHB Warren Eisner
|
0-0: Ball 1-0: Ball 2-0: Fly out, F8 (Flyball, 8LXD, EV 78.8 MPH)
|
Bottom of the 7th over - 1 run, 1 hit, 0 errors, 1 left on base; San Diego 0 - Arizona 6 |
TOP OF THE 8TH |
San Diego Padres batting - Pitching for Arizona Diamondbacks : RHP Nick Burcham
|
Batting: RHB C.J. Beavers
|
0-0: Foul Ball, location: 2F 0-1: Called Strike 0-2: Strikes out swinging
|
Batting: RHB Eisse Bravenboer
|
0-0: Called Strike 0-1: Ball 1-1: Called Strike 1-2: Foul Ball, location: 2F 1-2: Ground out 5-3 (Groundball, 56, EV 89.4 MPH)
|
Batting: RHB Masashi Yukizawa
|
0-0: Foul Ball, location: 2F 0-1: Ball 1-1: Foul Ball, location: 2F 1-2: Ball 2-2: Foul Ball, location: 2F 2-2: Ball 3-2: Foul Ball, location: 2F 3-2: Ground out 6-3 (Groundball, 6, EV 84.4 MPH)
|
Top of the 8th over - 0 runs, 0 hits, 0 errors, 0 left on base; San Diego 0 - Arizona 6 |
BOTTOM OF THE 8TH |
Arizona Diamondbacks batting - Pitching for San Diego Padres : RHP Matt Decker
|
Batting: LHB Jason Peck
|
0-0: Ball 1-0: Ball 2-0: Foul Ball, location: 2F 2-1: SINGLE (Line Drive, 6D, EV 98.1 MPH)
|
Pitching: RHP Raul Almonte
|
|
Batting: LHB Mike Mentzer
|
0-0: Called Strike 0-1: Foul Ball, location: 2F 0-2: Strikes out swinging
|
Batting: RHB Marlon Reda
|
0-0: Called Strike 0-1: Ball 1-1: Ball Pickoff Play to 1st, Runner tries for 2nd, OUT after rundown. 2-1: Ball 3-1: Base on Balls
|
Batting: RHB Katilimomi Kelekolio
|
0-0: Fly out, F6 (Popup, 4S, EV 77.5 MPH)
|
Bottom of the 8th over - 0 runs, 1 hit, 0 errors, 1 left on base; San Diego 0 - Arizona 6 |
TOP OF THE 9TH |
San Diego Padres batting - Pitching for Arizona Diamondbacks : RHP Nick Burcham
|
Batting: RHB Wally Cangro
|
0-0: Called Strike 0-1: Ball 1-1: Swinging Strike 1-2: Ball 2-2: Ball 3-2: SINGLE (Groundball, 25, EV 64.4 MPH) (infield hit)
|
Batting: RHB Hildo Pot
|
0-0: Ball 1-0: Grounds into double play, 4-6-3 (Groundball, 4M, EV 82.5 MPH)
|
Batting: SHB Phil Zacharia
|
0-0: Ball 1-0: Ball 2-0: Called Strike 2-1: Ball 3-1: SINGLE (Line Drive, 4D, EV 98.8 MPH)
|
Pitching: RHP Tong-myeon Moon
|
|
Batting: LHB Mike Holt
|
0-0: Ball 1-0: Ground out 5-3 (Groundball, 56S, EV 70.6 MPH)
|
Top of the 9th over - 0 runs, 2 hits, 0 errors, 1 left on base; San Diego 0 - Arizona 6 |
|